 Dungeon Crawl Stone Soup version 0.31.0-11-ge490571c62 (webtiles) character file.

Game seed: 18120494893888716545

18 SnakkuSnakku7 the Ducker (level 2, -4/21 HPs)
             Began as a Merfolk Air Elementalist on Jan 31, 2024.
             Slain by Natasha (5 damage)
             ... on level 2 of the Dungeon.
             The game lasted 00:01:30 (800 turns).

SnakkuSnakku7 the Ducker (Merfolk Air Elementalist)  Turns: 800, Time: 00:01:30

Health: -4/21      AC:  2    Str:  8    XL:     2   Next: 66%
Magic:  5/5        EV: 12    Int: 14    God:
Gold:   81         SH:  0    Dex: 14    Spells: 4/5 levels left

rFire   . .          .
                       - Unarmed
rCold   . . .        (no shield)
rNeg    . . .        a - +0 robe
rPois   .            (no helmet)
rElec   .            (no cloak)
rCorr   .            (no gloves)
SInv    .            (no boots)
Will    .....        (no amulet)
Stlth   ++           (no ring)
HPRegen 0.23/turn    (no ring)
MPRegen 0.09/turn

%: no passive effects
@: no status effects
A: (nimble swimmer 2), mertail
a: no special abilities


You were on level 2 of the Dungeon.
You visited 1 branch of the dungeon, and saw 2 of its levels.

You collected 81 gold pieces.

Inventory:

Armour
 a - a +0 robe (worn)
Jewellery
 f - a ring of protection from cold
Scrolls
 c - a scroll of blinking {unknown}
 g - a scroll of teleportation {unknown}
Potions
 d - a potion of curing {unknown}
 e - a potion of ambrosia {unknown}
 h - a potion of heal wounds {unknown}


   Skills:
 + Level 1.6 Fighting
 - Level 2.6 Dodging
 - Level 2.1 Stealth
 + Level 1.6 Unarmed Combat
 - Level 2.0 Spellcasting
 - Level 0.7 Conjurations
 - Level 2.4 Air Magic


You had 4 spell levels left.
You knew the following spells:

 Your Spells              Type           Power      Damage    Failure   Level
a - Shock                 Conj/Air       20%        1d4       13%         1

Your spell library contained the following spells:

 Spells                   Type           Power      Damage    Failure   Level
 Static Discharge         Conj/Air       10%        3-4/arc   19%         2
 Apportation              Tloc           2%         N/A       24%         1
 Swiftness                Air            8%         N/A       26%         3
 Jinxbite                 Hex            2%         N/A       34%         2
 Airstrike                Air            4%         2d(1-17)  65%         4
 Alistair's Intoxication  Alch           0%         N/A       100%        5


Dungeon Overview and Level Annotations

Branches:
Dungeon (2/15)

Altars:

Annotations:
D:2 Natasha


Innate Abilities, Weirdness & Mutations

((You are very nimble when in or above water. (Stealth+, EV+, Speed+++)))
Your lower body shifts to a powerful aquatic tail in water.


Message History

Aiming: Shock (safe; 13% risk of failure)
Press: ? - help, Q - select action Shift-Dir - straight line, f - Natasha
Aim: Natasha (asleep, 100% to hit)
The zap hits Natasha.
Natasha is moderately wounded.
The zap hits the jackal.
The jackal is severely wounded.
Natasha is nearby!
Aiming: Shock (safe; 13% risk of failure)
Press: ? - help, Q - select action Shift-Dir - straight line, p - Natasha The zap hits Natasha.
Natasha is moderately wounded.
The zap misses Natasha.
You hear a bark! x2
Unknown command.
Aiming: Shock (safe; 13% risk of failure)
Press: ? - help, Q - select action Shift-Dir - straight line The zap hits Natasha.
Natasha is heavily wounded.
The zap hits Natasha.
Natasha is heavily wounded.
You feel a bit more experienced. Natasha claws you!
Aiming: Shock (safe; 13% risk of failure)
Press: ? - help, Q - select action Shift-Dir - straight line The zap hits Natasha.
Natasha is heavily wounded.
The zap hits Natasha.
Natasha is severely wounded.
Natasha claws you.
Aiming: Shock (safe; 13% risk of failure)
Press: ? - help, Q - select action Shift-Dir - straight line The zap hits Natasha.
Natasha is almost dead.
The zap misses Natasha.
Natasha claws you!
* * * LOW HITPOINT WARNING * * *
Magic courses through your body. Natasha claws you.
You die...
Natasha curls up and begins to purr.

# .. #. .. ..# #.#
#.. ... ..### ##..
#.. ...# ...
#..####.## ##.#
#.....#..###..#
#............#####
#.###.#.....@#...#
#.######.h.#......
#.# ##### .....
#.# h... # #.# ...
# #.# ## # #.# #
#.# # #.# #.#


You could see Natasha.

Vanquished Creatures
  2 endoplasms
  4 goblins (D:1)
  2 hobgoblins (D:1)
  A jackal (D:2)
  2 bats (D:1)
  2 frilled lizards (D:1)
  A kobold (D:1)
  2 rats
16 creatures vanquished.

Notes
Turn   | Place    | Note
-------+----------+-------------------------------------------
     0 | D:1      | SnakkuSnakku7 the Merfolk Air Elementalist began the quest
                  | for the Orb.
     0 | D:1      | Reached XP level 1. HP: 13/13 MP: 3/3
   157 | D:1      | Reached skill level 1 in Fighting
   157 | D:1      | Reached skill level 1 in Unarmed Combat
   157 | D:1      | Reached XP level 2. HP: 4/21 MP: 0/5
   791 | D:2      | Noticed Natasha
   799 | D:2      | HP: 1/21 [Natasha (7)]
   800 | D:2      | Slain by Natasha

Illustrated notes

Levels and vault maps discovered:
D:1:      lemuel_arrival_room, layout_basic, chequers_serial_rivers_large_a
D:2:      cheibrodos_greedy_goblins, layout_basic, basic_altar, uniq_natasha,
          uniq_sigmund

Skill      XL: |  1 |
---------------+----+-----
Fighting       | 1 |  1.6
Unarmed Combat | 1 |  1.6
Dodging        | |  2.6
Stealth        | |  2.1
Spellcasting   | |  2.0
Conjurations   | |  0.7
Air Magic      | |  2.4

Action                     || total
---------------------------++-------
  Melee: Unarmed           ||    67
   Cast: Shock             ||    19
    Use: Potion            ||     1
   Stab: Sleeping          ||     3
 Armour: Robe              ||    48
  Dodge: Dodged            ||    52
